AoeStats
← tony le gros rou

African Clearing

505972863Analyzed
3v3 RM · 19d ago on Sep 11, 2026· 37m 53s· 6 players
Game mode
Random Map
Map size
Normal (6 player)
Population
200
Speed
Normal
Resources
Standard
Victory
Conquest
Starting age
Dark Age
Ending age
Imperial Age
RankedLock teamsTeams togetherTeam positionsShared explorationLock speedFull tech treeHidden civsTurbo modeCheats
Victory
Defeat
🇫🇷 Wu · France
1592
+11
🇫🇷 Mongols · France
1446
+17
🇫🇷 Maya · France
1433
+17
🇦🇷 Chinese · Argentina
1527
-17
🇦🇷 Mapuche · Argentina
1469
-15
🇦🇷 Gurjaras · Argentina
1413
-13
[TOX2] A-c-Syno-666
5:48 Loom
11:10 Feudal Age
14:10 Forging
17:04 Scale Barding Armor
23:40 Castle Age
21:37 Horse Collar
22:13 Double-Bit Axe
23:31 Gold Mining
24:07 Bloodlines
35:04 Wheelbarrow
34:37 Heavy Plow
34:53 Bow Saw
36:34 Husbandry
37:18 Iron Casting
[TOX2] Lord Rucci
6:42 Loom
13:30 Feudal Age
14:35 Feudal Age
18:38 Castle Age
18:23 Double-Bit Axe
21:27 Town Watch
21:57 Gold Mining
21:54 Elite Skirmisher
25:33 Fletching
28:04 Padded Archer Armor
34:47 Bodkin Arrow
34:59 Horse Collar
36:11 Ballistics
[TOX2] satho
2:59 Loom
11:33 Feudal Age
13:29 Feudal Age
14:43 Double-Bit Axe
14:52 Gold Mining
17:22 Castle Age
16:47 Stone Mining
19:06 Bow Saw
18:37 Horse Collar
19:38 Wheelbarrow
20:47 Elite Skirmisher
21:56 Town Watch
23:04 Fletching
29:03 Ballistics
33:46 Bodkin Arrow
36:33 Hand Cart
tony le gros rou
3:41 Loom
12:44 Feudal Age
16:59 Castle Age
15:41 Stone Mining
16:58 Fletching
17:56 Bodkin Arrow
18:14 Double-Bit Axe
33:18 Scale Barding Armor
ccereal
4:20 Loom
10:32 Loom
12:17 Feudal Age
14:33 Double-Bit Axe
16:56 Castle Age
15:49 Fletching
17:51 Bow Saw
20:10 Bodkin Arrow
22:52 Horse Collar
30:08 Padded Archer Armor
36:28 Imperial Age
35:44 Wheelbarrow
38:22 Imperial Age
35:56 Heavy Plow
36:10 Gold Mining
37:12 Ballistics
37:42 Leather Archer Armor
37:21 Stone Mining
Frorok
9:43 Loom
11:56 Feudal Age
12:48 Double-Bit Axe
14:31 Horse Collar
17:04 Forging
18:14 Scale Barding Armor
22:16 Wheelbarrow
23:16 Bloodlines
27:30 Castle Age
26:45 Gold Mining
27:31 Light Cavalry
28:51 Chain Barding Armor
34:26 Iron Casting
35:36 Bow Saw
Connection lost

Rejoining the realm…

Still unreachable

The connection could not be restored.

Session expired

The server has moved on; the page needs a fresh start.